 Dungeon Crawl Stone Soup version 0.29-a0-323-g050149af67 (webtiles) character file.

Game seed: 9078830808126363210

144 xantham the Chopper (level 5, -2/47 HPs)
             Began as a Hill Orc Fighter on Apr 11, 2022.
             Killed from afar by an orc wizard (9 damage)
             ... with a magic dart
             ... on level 3 of the Dungeon.
             The game lasted 00:18:09 (2433 turns).

xantham the Chopper (Hill Orc Fighter)              Turns: 2433, Time: 00:18:10

Health: -2/47      AC:  7    Str: 26 (27) XL:     5   Next: 26%
Magic:  5/5        EV:  9    Int:  5 (8)  God:
Gold:   127        SH:  0    Dex:  8 (10) Spells: 4/4 levels left

rFire   . . .      SeeInvis .   a - +0 war axe
rCold   . . .      Faith    .   c - +0 buckler
rNeg    . . .      Spirit   .   b - +0 scale mail
rPois   .          Reflect  .   (no helmet)
rElec   .          Harm     .   l - scarf {repulsion}
rCorr   .          Rampage  .   (no gloves)
Will    .....                   (no boots)
Stlth   ..........              (no amulet)
HPRegen 0.15/turn               e - +6 ring of strength
MPRegen 0.09/turn               (no ring)

@: confused, repel missiles
A: no striking features
a: no special abilities


You were on level 3 of the Dungeon.
You visited 1 branch of the dungeon, and saw 3 of its levels.

You collected 127 gold pieces.

Inventory:

Hand Weapons
 a - a +0 war axe (weapon)
 i - a +0 club
Armour
 b - a +0 scale mail (worn)
 c - a +0 buckler (worn)
 l - a scarf of repulsion (worn)
Jewellery
 e - a +6 ring of strength (left hand)
 n - an amulet of guardian spirit
Scrolls
 j - 2 scrolls of teleportation {unknown}
 k - a scroll of amnesia
 o - a scroll of magic mapping {unknown}
 p - a scroll of enchant weapon {unknown}
 q - a scroll of vulnerability {unknown}
 r - a scroll of immolation {unknown}
Potions
 d - 2 potions of might
 g - 2 potions of attraction
 m - a potion of curing {unknown}


   Skills:
 + Level 4.7 Fighting
 + Level 5.0 Axes
 + Level 3.9 Armour
 + Level 0.2 Dodging
 + Level 3.8 Shields


You had 4 spell levels left.
You didn't know any spells.
Your spell library contained the following spells:

 Spells                   Type           Power      Damage    Failure   Level
 Animate Dead             Necr           0%         N/A       100%        4
 Haunt                    Necr/Summ      0%         N/A       100%        7
 Infestation              Necr           0%         N/A       100%        8


Dungeon Overview and Level Annotations

Branches:
Dungeon (3/15)

Altars:
Xom

Shops:
D:3 [


Message History

The magic dart hits you. Something hits you but does no damage.
Something hits you.
You feel less confused. Something hits you. Something hits you.
You hear some strange, mumbled words.
You are confused.
You feel less confused.
It was a potion of degeneration.
There was something very wrong with that liquid.
You feel weakened.
You feel dopey.
You feel clumsy.
An orc wizard appears from thin air!
Reactivating autopickup.
The orc wizard hits you with a +0 dagger.
You closely miss the orc wizard.
The orc wizard is heavily wounded.
The orc wizard hits you but does no damage.
You barely miss the orc wizard.
The orc wizard is heavily wounded.
The orc wizard hits you with a +0 dagger.
You closely miss the orc wizard.
The orc wizard is heavily wounded.
The orc wizard casts a spell at you.
The magic dart hits you but does no damage.
The orc wizard gestures at you while chanting.
The magic dart hits you!
* * * LOW HITPOINT WARNING * * *
As you read the scroll labelled YJIYNW JYPU, it crumbles to dust.
It is a scroll of identify.
k - a scroll of amnesia The orc wizard casts a spell at you.
The magic dart hits you but does no damage.
As you read the scroll of identify, it crumbles to dust.
g - 2 potions of attraction The orc wizard points at you and mumbles some strange words.
You are confused.
The orc wizard gestures at you while chanting.
The magic dart hits you!
You die...

#..........###.#...###.####
##.....####.....#.#.........
#....## ##....#....##)####
#...## ##...#.####.##†####
#...###...##...........##
##...⌠...########.##.#.##
##.._..##.#<........#.#.
##...##......###.#.# #.
#...#@............# #.
#...#.......###.#.#.#>
#.(.#o#########.#.#.#.
#...........##......#.
##..........##.#..###.
#..........##.#..###.
#..........##.#......
####.########.#..#### #.#
#........


You could see an orc wizard.

Vanquished Creatures
  A scorpion (D:2)
  2 adders (D:2)
  A worm (D:2)
  4 ball pythons
  3 endoplasms
  2 giant cockroaches (D:1)
  9 goblins
  7 hobgoblins
  9 jackals
  5 kobolds
  A quokka (D:1)
  8 bats
  5 frilled lizards
  13 rats
70 creatures vanquished.

Notes
Turn   | Place    | Note
-------+----------+-------------------------------------------
     0 | D:1      | xantham the Hill Orc Fighter began the quest for the Orb.
     0 | D:1      | Reached XP level 1. HP: 19/19 MP: 1/1
    74 | D:1      | Reached XP level 2. HP: 20/27 MP: 2/2
    76 | D:1      | Reached skill level 3 in Axes
   322 | D:1      | Reached XP level 3. HP: 25/33 MP: 3/3
  1202 | D:2      | Reached skill level 4 in Axes
  1202 | D:2      | Reached XP level 4. HP: 34/40 MP: 4/4
  1284 | D:2      | Found a shimmering altar of Xom.
  1523 | D:2      | Noticed a scorpion
  1536 | D:2      | Killed a scorpion
  1537 | D:2      | Reached XP level 5. HP: 39/47 MP: 5/5
  1809 | D:2      | Reached skill level 5 in Axes
  2119 | D:3      | Found Cyach's Armour Emporium.
  2332 | D:3      | Found a faded altar of an unknown god.
  2433 | D:3      | Killed from afar by an orc wizard

Illustrated notes

Levels and vault maps discovered:
D:1:      amcnicky_arrival_blooded_trapdoor, layout_basic,
          nicolae_figureground_pulse
D:2:      layout_loops_corners, basic_altar, minivault_14,
          minmay_fractal_squares_5
D:3:      layout_basic, serial_shops, shop_fountains,
          hellmonk_ecumenical_altar_crossroads

Skill      XL: |  1  2  3  4  5 |
---------------+----------------+-----
Axes           | 3 4 5 |  5.0
Fighting       | 4 |  4.7
Armour         | |  3.9
Dodging        | |  0.2
Shields        | |  3.8

Action                   |  1- 3 |  4- 6 || total
-------------------------+-------+-------++-------
Melee: War axe           |   118 |    67 ||   185
  Use: Scroll            |       |     2 ||     2
       Potion            |       |     1 ||     1
Armor: Scale mail        |    64 |    43 ||   107
Dodge: Dodged            |    63 |    26 ||    89
       Repelled          |       |     1 ||     1
Block: Buckler           |    29 |    15 ||    44

Table legend: (Time is in decaauts)
 A = Elapsed time spent in this place.
 B = Non-inter-level travel time spent in this place.
 C = Inter-level travel time spent in this place.
 D = Time resting spent in this place.
 E = Time spent auto-exploring this place.
 F = Levels seen in this place.
 G = Mean time per level.
                   A        B        C        D        E       F      G
               +--------+--------+--------+--------+--------+-----+--------+
         Total |   2494 |   2411 |     83 |      0 |   1666 |   3 |  831.3 |
       Dungeon |   2494 |   2411 |     83 |      0 |   1666 |   3 |  831.3 |
               +--------+--------+--------+--------+--------+-----+--------+

Top non-repeatable levels by time:
     D:2: 1166 daAuts
     D:1: 1006 daAuts
     D:3: 320 daAuts
